 Dungeon Crawl Stone Soup version 0.23.2-11-gf996548 (webtiles) character file.

Game seed: 8093053601373118432

54 Fang the Skirmisher (level 3, -3/24 HPs)
             Began as a Gargoyle Berserker on June 5, 2019.
             Was a Believer of Trog.
             Slain by a gnoll
             ... wielding a +0 whip
              (7 damage)
             ... on level 2 of the Dungeon.
             The game lasted 00:01:42 (911 turns).

Fang the Skirmisher (Gargoyle Berserker)             Turns: 911, Time: 00:01:43

Health: -3/24      AC:  5    Str: 21    XL:     3   Next: 91%
Magic:  3/3        EV: 12    Int:  7    God:    Trog [**....]
Gold:   42         SH:  0    Dex:  9    Spells: 2/2 levels left

rFire    . . .     SeeInvis .   a - +0 hand axe
rCold    . . .     Gourm    .   (no shield)
rNeg     + . .     Faith    .   b - +0 animal skin
rPois    ∞         Spirit   .   (no helmet)
rElec    +         Reflect  .   (no cloak)
rCorr    .         Harm     .   (no gloves)
MR       .....                  (no boots)
Stlth    +.........             (no amulet)
HPRegen  0.08/turn              (no ring)
MPRegen  0.08/turn              (no ring)

@: berserk cooldown, slowed, very slow
A: negative energy resistance 1, electricity resistance, unbreathing,
petrification resistance, rot immunity, AC +3
a: Berserk, Trog's Hand, Renounce Religion


You were on level 2 of the Dungeon.
You worshipped Trog.
Trog was pleased with you.
You were very hungry.

You visited 1 branch of the dungeon, and saw 2 of its levels.

You collected 42 gold pieces.

Inventory:

Hand Weapons
 a - a +0 hand axe (weapon)
Armour
 b - a +0 animal skin (worn)
Scrolls
 d - 2 scrolls of identify {unknown}
 e - a scroll of fear {unknown}
 g - a scroll of blinking {unknown}
Comestibles
 c - 3 rations
 f - 4 chunks of flesh


   Skills:
 + Level 3.8 Fighting
 + Level 3.1 Axes
 + Level 2.9 Armour
 + Level 2.1 Dodging


You had 2 spell levels left.
You didn't know any spells.
Your spell library was empty.

Dungeon Overview and Level Annotations

Branches:
Dungeon (2/15)

Altars:


Innate Abilities, Weirdness & Mutations

You are resistant to torment.
Your stone body is resilient. (AC +3)
You are immune to poison.
You resist negative energy. (rN+)
You are resistant to electric shocks. (rElec)
You can survive without breathing.
You are immune to petrification.
You are immune to rotting.


Message History

Your skin crawls.
You feel resistant to hostile enchantments.
You feel somewhat more hungry. The gnoll closely misses you.
The gnoll barely misses you.
Items here: )))))) [[ ††† The gnoll hits you but does no damage.
You feel the effects of Trog's Hand fading.
You see here a goblin corpse.
The gnoll hits you.
* * * LOW HITPOINT WARNING * * *
You are feeling very hungry.
Your skin stops crawling.
You feel less resistant to hostile enchantments.
The gnoll barely misses you. The gnoll misses you.
The gnoll closely misses you. The gnoll closely misses you. The gnoll hits you.
* * * LOW HITPOINT WARNING * * *
The gnoll hits you with a +0 whip!
You die...

#.##)......#
###.##.#####.#
#...##.# #
#......# #
#..w##.# #.
##..##.####
###.###
####..##..)[.
.......
#...gg.......
#....
#....@..#####
#<...
#..#.##.#
#....
#..#.##.#
##...
#..#.##.# #...
###..#.##.#
###.
...........#
##.
#########.##
#.. #.# #.#
#.# #.#


You could see a worm and 2 gnolls.

Vanquished Creatures
  Robin (D:2)
  A worm (D:2)
  A dart slug (D:1)
  A leopard gecko (D:2)
  2 ball pythons (D:1)
  A bat (D:1)
  A giant cockroach (D:1)
  9 goblins
  7 hobgoblins
  4 jackals
  A kobold (D:1)
  A frilled lizard (D:1)
  3 rats (D:1)
33 creatures vanquished.

Notes
Turn   | Place    | Note
-------+----------+-------------------------------------------
     0 | D:1      | Fang the Gargoyle Berserker began the quest for the Orb.
     0 | D:1      | Reached XP level 1. HP: 14/14 MP: 1/1
   270 | D:1      | Reached XP level 2. HP: 16/19 MP: 2/2
   840 | D:2      | Reached XP level 3. HP: 22/23 MP: 3/3
   869 | D:2      | Noticed Robin
   876 | D:2      | Reached ** piety under Trog
   888 | D:2      | HP: 1/36 [Robin/+1 mace of crushing (2)]
   893 | D:2      | Killed Robin
   911 | D:2      | Slain by a gnoll

Skill      XL: |  1  2  3 |
---------------+----------+-----
Axes           | 3 |  3.1
Dodging        | 2 |  2.1
Fighting       | |  3.8
Armour         | |  2.9

Action                   || total
-------------------------++-------
Melee: Hand axe          ||   124
Invok: Berserk           ||     2
       Trog's Hand       ||     1
 Stab: Sleeping          ||     1
  Eat: Chunk             ||     1
Armor: Animal skin       ||    46
Dodge: Dodged            ||    99
